 Dungeon Crawl Stone Soup version 0.27-a0-1006-g1fd4cec11e (webtiles) character file.

Game seed: 11668768125520919885

623 Pooter the Cleaver (level 7, -1/64 HPs)
             Began as a Minotaur Berserker on Apr 18, 2021.
             Was a Priest of Trog.
             Slain by Prince Ribbit (14 damage)
             ... on level 6 of the Dungeon.
             The game lasted 00:25:06 (5337 turns).

Pooter the Cleaver (Minotaur Berserker)             Turns: 5337, Time: 00:25:07

Health: -1/64      AC:  7    Str: 22    XL:     7   Next: 22%
Magic:  6/6        EV: 11    Int:  5    God:    Trog [***...]
Gold:   351        SH:  5    Dex: 10    Spells: 6/6 levels left

rFire    . . .     SeeInvis .   q - +3 scimitar
rCold    . . .     Faith    .   (no shield)
rNeg     . . .     Spirit   .   h - +0 ring mail
rPois    .         Reflect  +   (helmet restricted)
rElec    .         Harm     .   l - +0 cloak
rCorr    .         Rampage  .   g - +0 pair of gloves
Will     .....                  (no boots)
Stlth    ..........             e - amulet of reflection
HPRegen  0.20/turn              c - ring of flight
MPRegen  0.10/turn              (no ring)

@: on berserk cooldown, flying, slowed, very slow
A: horns 2, retaliatory headbutt
a: Renounce Religion, Berserk, Trog's Hand


You were on level 6 of the Dungeon.
You worshipped Trog.
Trog was most pleased with you.
You visited 1 branch of the dungeon, and saw 6 of its levels.

You collected 351 gold pieces.

Inventory:

Hand Weapons
 a - a +0 hand axe
 q - a +3 scimitar (weapon)
   (You found it on level 3 of the Dungeon)
Missiles
 Q - 108 stones (quivered)
Armour
 g - a +0 pair of gloves (worn)
   (You found it on level 2 of the Dungeon)
 h - a +0 ring mail (worn)
   (You found it on level 2 of the Dungeon)
 l - a +0 cloak (worn)
   (You found it on level 4 of the Dungeon)
Jewellery
 c - a ring of flight (left hand)
   (You found it on level 2 of the Dungeon)
 e - an amulet of reflection (around neck)
   (You found it on level 2 of the Dungeon)
Scrolls
 d - 2 scrolls of fear
 k - a scroll of enchant armour
 o - 2 scrolls of magic mapping
 r - a scroll of amnesia {unknown}
 t - a scroll of torment {unknown}
 u - a scroll of teleportation {unknown}
 w - a scroll of vulnerability {unknown}
 x - a scroll of immolation {unknown}
Potions
 b - a potion of ambrosia {unknown}
 f - 2 potions of cancellation {unknown}
 i - a potion of resistance {unknown}
 j - a potion of haste {@q3}
 m - a potion of magic {unknown}
 n - 3 potions of curing {unknown}
 p - 3 potions of flight {unknown}
 v - 2 potions of heal wounds {unknown}
 z - 2 potions of lignification {unknown}


   Skills:
 + Level 6.4 Fighting
 + Level 1.8 Long Blades
 * Level 8.3 Axes
 - Level 2.4 Armour
 - Level 2.1 Dodging


You had 6 spell levels left.
You didn't know any spells.
Your spell library was empty.

Dungeon Overview and Level Annotations

Branches:
Dungeon (6/15)
 Temple: D:4-7

Altars:
Hepliaklqana
Sif Muna
Yredelemnul

Annotations:
D:6 Prince Ribbit


Innate Abilities, Weirdness & Mutations

You have a pair of horns on your head.
You reflexively headbutt those who attack you in melee.


Message History

Prince Ribbit blinks!
Prince Ribbit blinks!
Prince Ribbit casts a spell.
Prince Ribbit looks slightly unstable.
Prince Ribbit blinks!
You throw a poisoned dart. The poisoned dart misses Prince Ribbit.
Prince Ribbit disappears!
You start waiting.
You feel the effects of Trog's Hand fading.
Your skin stops crawling.
You feel less strong-willed.
You feel yourself speed up.
You recover from your berserk rage.
Prince Ribbit is nearby!
You throw a poisoned dart. The poisoned dart misses Prince Ribbit.
Prince Ribbit blinks!
A red film seems to cover your vision as you go berserk!
You feel yourself moving faster!
You feel mighty!
Prince Ribbit blinks!
You feel a strong urge to attack something.
Prince Ribbit catches a fly with his tongue.
Found 14 gold pieces.
You feel your anger nearly subside.
A centaur zombie comes into view.
You are no longer berserk.
You are exhausted.
You feel yourself slow down. Prince Ribbit hits you!
You hit Prince Ribbit.
Prince Ribbit hits you but does no damage.
Prince Ribbit hits you.
You barely miss Prince Ribbit. Prince Ribbit closely misses you.
You riposte.
You miss Prince Ribbit. Prince Ribbit hits you.
The centaur zombie hits you but does no damage.
The centaur zombie barely misses you. Prince Ribbit hits you!
The centaur zombie hits you. You block the centaur zombie's attack.
You barely miss Prince Ribbit. Prince Ribbit completely misses you.
You furiously retaliate!
You headbutt Prince Ribbit.
You riposte.
You slash Prince Ribbit! The centaur zombie closely misses you.
The centaur zombie kicks you but does no damage.
Prince Ribbit hits you. The centaur zombie hits you.
You block the centaur zombie's attack. Prince Ribbit hits you!
* * * LOW HITPOINT WARNING * * *
You closely miss Prince Ribbit. Your headbutt misses Prince Ribbit.
The centaur zombie misses you. The centaur zombie kicks you.
* * * LOW HITPOINT WARNING * * *
Prince Ribbit hits you!
* * * LOW HITPOINT WARNING * * *
The centaur zombie barely misses you. You block the centaur zombie's attack.
Prince Ribbit hits you!
You die...

.......###.#
.........#.#
#....####
########+###..#....+
#.................##
....(......##.#.#.#
#..........####<#.#
...........# ###..
.......@...# ...#
...$..FZ...# ##.#
..#........# .#
##.....(.# ##
.....###... ......
.... ....... .....
....... ....


You could see Prince Ribbit and a centaur zombie.

Vanquished Creatures
  2 scorpions (D:4)
  A water moccasin zombie (D:3)
  2 hounds (D:5)
  A bullfrog skeleton (D:6)
  A centaur skeleton (D:5)
  A jelly (D:2)
  3 iguanas (D:5)
  A hound zombie (D:5)
  A howler monkey zombie (D:5)
  4 gnolls
  8 adders
  An ufetubus (D:5)
  4 worms
  3 dart slugs
  3 orcs
  4 bats
  8 endoplasms
  A giant cockroach (D:4)
  7 goblins
  5 hobgoblins
  4 jackals (D:2)
  5 kobolds
  4 quokkas
  4 ball pythons
  3 frilled lizards
  4 rats
85 creatures vanquished.

Vanquished Creatures (others)
  A fungus (D:1)
  3 toadstools (D:1)
4 creatures vanquished.

Grand Total: 89 creatures vanquished

Notes
Turn   | Place    | Note
-------+----------+-------------------------------------------
     0 | D:1      | Pooter the Minotaur Berserker began the quest for the Orb.
     0 | D:1      | Reached XP level 1. HP: 19/19 MP: 0/0
   105 | D:1      | You fall into a shaft and drop 1 floor!
   109 | D:2      | Noticed a jelly
   118 | D:2      | Killed a jelly
   119 | D:2      | Reached skill level 4 in Axes
   119 | D:2      | Reached XP level 2. HP: 27/27 MP: 1/1
   202 | D:2      | Reached XP level 3. HP: 33/33 MP: 2/2
   610 | D:1      | Reached skill level 5 in Axes
   976 | D:1      | Reached ** piety under Trog
  1429 | D:2      | Reached XP level 4. HP: 41/41 MP: 3/3
  2318 | D:2      | Reached skill level 6 in Axes
  2427 | D:3      | Reached XP level 5. HP: 47/47 MP: 4/4
  2630 | D:3      | Reached skill level 5 in Fighting
  2921 | D:3      | Found a shimmering blue altar of Sif Muna.
  3021 | D:3      | Reached *** piety under Trog
  3278 | D:4      | Reached skill level 7 in Axes
  3278 | D:4      | Reached XP level 6. HP: 56/56 MP: 5/5
  4272 | D:5      | Entered Level 5 of the Dungeon
  4427 | D:5      | Reached skill level 1 in Long Blades
  4427 | D:5      | Reached skill level 8 in Axes
  4559 | D:5      | Reached XP level 7. HP: 63/63 MP: 6/6
  4568 | D:5      | Found a large runed translucent door.
  4571 | D:5      | Found a large runed translucent door.
  5088 | D:5      | Found a hazy altar of Hepliaklqana.
  5126 | D:5      | Found a basalt altar of Yredelemnul.
  5221 | D:6      | Noticed Prince Ribbit
  5337 | D:6      | Slain by Prince Ribbit

Illustrated notes

Levels and vault maps discovered:
D:1:      minmay_arrival_doors, layout_loops_corners, minmay_gold_behind_fungi
D:2:      layout_loops_ring
D:3:      layout_basic, nicolae_overflow_crystal_walls, columned_hall_lemuel
D:4:      layout_gridville
D:5:      layout_basic, jmf_multi_god_temple2, serial_bayou,
          serial_bayou_lagoon_b, serial_bayou_lake_a, serial_bayou_pond_b,
          serial_bayou_pond_a, minivault_1
D:6:      layout_basic, vehumet_statue, kennysheep_decorative_pillar,
          sword_in_stone, uniq_prince_ribbit1, uniq_blork_the_orc

Skill      XL: |  1  2  3  4  5  6 |
---------------+-------------------+-----
Fighting       | 4 5 6 |  6.4
Axes           | 4 5 6 7 8 |  8.3
Long Blades    | 1 |  1.8
Armour         | |  2.4
Dodging        | |  2.1

Action                   |  1- 3 |  4- 6 |  7- 9 || total
-------------------------+-------+-------+-------++-------
Melee: Hand axe          |    48 |    54 |       ||   102
       Headbutt          |     8 |    23 |     1 ||    32
       Scimitar          |       |    64 |    17 ||    81
Throw: Dart              |       |    13 |     2 ||    15
       Stone             |       |     2 |       ||     2
Invok: Berserk           |     3 |     7 |     2 ||    12
       Trog's Hand       |       |       |     1 ||     1
  Use: Scroll            |       |     5 |       ||     5
Armor: Animal skin       |     2 |     6 |       ||     8
       Ring mail         |       |    30 |     4 ||    34
Dodge: Dodged            |    17 |    47 |    12 ||    76
Block: Other             |     8 |    29 |     7 ||    44
       Reflection        |       |     1 |       ||     1
       Rpst.: Scimitar   |       |     3 |     4 ||     7

Table legend: (Time is in decaauts)
 A = Elapsed time spent in this place.
 B = Non-inter-level travel time spent in this place.
 C = Inter-level travel time spent in this place.
 D = Time resting spent in this place.
 E = Time spent auto-exploring this place.
 F = Levels seen in this place.
 G = Mean time per level.
                   A        B        C        D        E       F      G
               +--------+--------+--------+--------+--------+-----+--------+
         Total |   5482 |   5388 |     94 |   1385 |   3232 |   6 |  913.7 |
       Dungeon |   5482 |   5388 |     94 |   1385 |   3232 |   6 |  913.7 |
               +--------+--------+--------+--------+--------+-----+--------+

Top non-repeatable levels by time:
     D:2: 1383 daAuts
     D:1: 1092 daAuts
     D:4: 1067 daAuts
     D:5: 949 daAuts
     D:3: 849 daAuts
     D:6: 139 daAuts
